[Event "Late-Titled-Tuesday-Blitz-September-12-2023"]
[Site "Chess.com"]
[Date "2023.09.12"]
[Round "9"]
[White "Michalczak"]
[Black "ChessSwole"]
[Result "0-1"]
[WhiteElo "2517"]
[BlackElo "2705"]
[TimeControl "180+1"]
[EndTime "15:40:16 PDT"]
[Termination "ChessSwole won by resignation"]

1. e4 e5 2. Nf3 Nc6 3. Bb5 a6 4. Ba4 Nf6 5. O-O Nxe4 6. d4 Be7 7. dxe5 Nc5 8. Bb3 Nxb3 9. axb3 O-O 10. Nc3 d6 11.
Bf4 dxe5 12. Nxe5 Nxe5 13. Bxe5 Be6 14. Qxd8 Bxd8 15. Ne4 Bd5 16. Nc5 Re8 17. Rfe1 Be7 18. Nd3 c5 19. c4 Bc6 20. Bc7 Rac8 21. Bb6 Bd7 22. Ra5 Bf5 23. Nf4 f6 24. Nd5 Bf8 25. Raa1 Bc2 26. Rec1 Bf5 27. Ne3 Bg6 28. Rd1 Kf7 29. h4 Be4 30. Rd2 g6 31. Rad1 Bc6 32. Nd5 Bh6 33. Rd3 Re5 34. Ne3 f5 35. g3 Rce8 36.
Kf1 f4 37. gxf4 Bxf4 38. Ng4 R5e7 39. Ne3 Bf3 40. R1d2 Be4 41. Rd7 Bc6 42. Rxe7+ Rxe7 43. Bxc5 Re5 44. Bd6 Re4 45. Bxf4 Rxf4 46. Ke2 Rxh4 47. Nd5 h5 48. Nb4 Re4+ 49. Kd3 Rf4 50. Nxc6 bxc6 51.
Ke3 g5 52. Rd7+ Kg6 53. Rd6+ Rf6 54. Rd7 h4 55. Rd8 h3 56. Rh8 g4 57. Ke2 Rf3 58. b4 Rb3 59. Kf1 Rxb4 60. Rg8+ Kf5 61. Rh8 Rxc4 62. Rf8+ Ke6 63. Re8+ Kd7 64. Rg8 Rb4 65.
Rg6 Rxb2 66. Rxg4 Rb1+ 67. Ke2 h2 0-1

[Event "Late-Titled-Tuesday-Blitz-September-12-2023"]
[Site "Chess.com"]
[Date "2023.09.12"]
[Round "9"]
[White "ckgchess"]
[Black "Athanasios2"]
[Result "1-0"]
[WhiteElo "2897"]
[BlackElo "2701"]
[TimeControl "180+1"]
[EndTime "15:40:18 PDT"]
[Termination "ckgchess won on time"]

1. e4 c5 2. c3 d6 3. d4 cxd4 4. cxd4 Nf6 5. Nc3 g6 6. Nf3 Bg7 7. h3 O-O 8. Be2 Nc6 9. O-O a6 10. Bg5 b5 11. Rc1 Bb7 12. e5 Ne8 13. Nd5 h6 14. Bh4 g5 15. Bg3 Rc8 16. Ne3 e6 17. h4 dxe5 18. dxe5 gxh4 19. Qxd8 Rxd8 20. Bxh4 Rc8 21. Ng4 Nc7 22. Nf6+ Bxf6 23. exf6 Nd5 24. a3 Na5 25. Rce1 Nc4 26. Bd3 Nxb2 27. Bb1 Nc3 28.
Re5 Nxb1 29. Rxb1 Nd3 30. Rh5 Kh7 31. Bg5 Rh8 32. Rxh6+ Kg8 33. Rxh8+ Kxh8 34. Rd1 Bxf3 35. Rxd3 Bd5 36. Rh3+ Kg8 37. Bh6 Kh7 38. Bg7+ Kg6 39. g4 Kg5 40. f3 Rc2 41. Bh6+ Kxf6 42. Be3 Ke7 43. Bf2 Rc3 44. Kg2 Rxa3 45. Bc5+ Kd7 46. Bxa3 a5 47. Bc1 b4 48. Kf2 a4 49. Ke3 Kc6 50.
Kd4 Kb5 51. f4 a3 52. Bxa3 bxa3 53. Rxa3 Kc6 54. Ke5 Kc5 55. Ra7 f5 56. gxf5 exf5 57.
Ra5+ Kc6 58. Rxd5 1-0

[Event "Late-Titled-Tuesday-Blitz-September-12-2023"]
[Site "Chess.com"]
[Date "2023.09.12"]
[Round "9"]
[White "MikeSailer"]
[Black "reevecanada"]
[Result "0-1"]
[WhiteElo "2188"]
[BlackElo "2488"]
[TimeControl "180+1"]
[EndTime "15:40:18 PDT"]
[Termination "reevecanada won on time"]

1. d4 d5 2. Nc3 Nf6 3. Bf4 e6 4. Nb5 Na6 5. a3 c6 6. Nc3 Qb6 7. e3 Be7 8. Nf3 O-O 9. Be2 Ne4 10. Nxe4 dxe4 11. Nd2 Qxb2 12. Nxe4 Bxa3 13. O-O Be7 14.
Bxa6 bxa6 15. Qd3 Qb5 16. c4 Qf5 17. Rfd1 Rd8 18. h3 Bb7 19. g4 Qg6 20. Nc5 Bxc5 21. Qxg6 hxg6 22. dxc5 Kf8 23. Bd6+ Ke8 24. Rab1 Rd7 25.
Rb2 Kd8 26. Rdb1 Kc8 27. Kg2 f6 28. Kg3 a5 29. Ra2 Ba6 30. Rab2 Rb7 31. Rxb7 Bxb7 32. Ra1 Ba6 33. Rxa5 Bxc4 34. Kf4 Kb7 35. h4 e5+ 36.
Ke4 Be2 37. g5 Rh8 38. f4 Rxh4 39. gxf6 gxf6 40. Be7 exf4 41. Bxf6 Rh5 42. exf4 Rd5 43. Be7 Bd3+ 44. Ke3 Bf5 45. Bd6 Rd3+ 46. Ke2 a6 47. Kf2 Rb3 48. Ke2 Rb5 49. Ra4 Rb3 50. Kd2 Rb5 51. Kc3 a5 52. Kc4 Be6+ 53. Kd4 Ka6 54. Kc3 Bb3 55. Ra1 a4 56. Re1 a3 0-1

[Event "Late-Titled-Tuesday-Blitz-September-12-2023"]
[Site "Chess.com"]
[Date "2023.09.12"]
[Round "9"]
[White "SCIM"]
[Black "Flaccidmoves"]
[Result "1/2-1/2"]
[WhiteElo "2571"]
[BlackElo "2452"]
[TimeControl "180+1"]
[EndTime "15:40:19 PDT"]
[Termination "Game drawn - insufficient material"]

1. d4 Nf6 2. c4 g6 3. Nc3 d5 4. cxd5 Nxd5 5. Bd2 Bg7 6. e4 Nb6 7. Be3 O-O 8. h3 e5 9. dxe5 Bxe5 10. Nf3 Bxc3+ 11. bxc3 Qxd1+ 12. Rxd1 Be6 13. Rd2 Nc6 14.
Nd4 Bc4 15. Nxc6 bxc6 16. Bxb6 Bxf1 17. Bc5 Bxg2 18. Rg1 Bxe4 19. Bxf8 Kxf8 20. Rd4 Bf5 21. Kd2 Rb8 22. Ke3 h5 23. Rgd1 Ke7 24. h4 Be6 25.
Rb4 Rb5 26. a4 Re5+ 27. Re4 Rc5 28. Kd2 Kf6 29. Rf4+ Ke7 30. Rb1 Rd5+ 31. Rd4 Rf5 32. f4 c5 33. Re4 Kd6 34. Ke3 Kc6 35. Re5 Rxe5+ 36. fxe5 a6 37. a5 Bc4 38. Rb8 Bd5 39.
Kf4 Be6 40. Kg5 Kd5 41. Kf6 Kc4 42. Rb7 Kxc3 43. Rxc7 Kb4 44. Rxf7 Bxf7 45. Kxf7 c4 46. e6 c3 47. e7 c2 48. e8=Q c1=Q 49. Kxg6 Kxa5 50.
Qe5+ Kb4 51. Kxh5 a5 52. Kg6 a4 53. h5 a3 54. h6 a2 55. h7 a1=Q 56. h8=Q Qxe5 57. Qxe5 Qc4 58. Kf5 Qc5 59. Ke4 Qxe5+ 60. Kxe5 1/2-1/2

[Event "Late-Titled-Tuesday-Blitz-September-12-2023"]
[Site "Chess.com"]
[Date "2023.09.12"]
[Round "9"]
[White "NovikovaGalina"]
[Black "ferdipy"]
[Result "0-1"]
[WhiteElo "2415"]
[BlackElo "2293"]
[TimeControl "180+1"]
[EndTime "15:40:19 PDT"]
[Termination "ferdipy won on time"]

1. e4 e6 2. Nf3 d5 3. e5 c5 4. b4 cxb4 5. a3 bxa3 6. Nxa3 a6 7. c3 Bd7 8. d4 Nc6 9. Bd3 Rc8 10. O-O Na5 11. Bd2 Nc4 12. Nxc4 dxc4 13. Be4 Bc6 14. Qe2 Bxe4 15. Qxe4 Qd5 16. Qg4 Nh6 17. Bxh6 gxh6 18. Rfb1 Kd7 19. Qf4 Ke8 20. Qg4 Be7 21. Rb6 Kf8 22. Rab1 Rg8 23. Qh3 Rc7 24. Qxh6+ Rg7 25. Qe3 Kg8 26. g3 Rd7 27. Nd2 Bd8 28. Ne4 Rg6 29. Rd6 Rxd6 30. Nxd6 b5 31. Ra1 a5 32.
Qf4 f5 33. Rb1 Bg5 34. Nxf5 Bxf4 35. Ne7+ Kf8 36. Nxd5 exd5 37. Rxb5 Bd2 38. Rxa5 Bxc3 39. Rxd5 Rc6 40. Rd7 Ba1 41. d5 Rc8 42. d6 Bxe5 43.
Rc7 Rxc7 44. dxc7 Bxc7 45. Kf1 Be5 46. Ke2 Ke7 47. f4 Bd4 48. Kd2 Ke6 49. Ke2 Kf5 50.
Kf3 h5 51. h3 c3 52. g4+ hxg4+ 53. hxg4+ Ke6 54. Ke2 Kd5 55. Kd3 Bh8 56. g5 Ke6 57. Ke4 c2 58. f5+ Kf7 59. f6 c1=Q 60. Kf5 Qc2+ 0-1

[Event "Late-Titled-Tuesday-Blitz-September-12-2023"]
[Site "Chess.com"]
[Date "2023.09.12"]
[Round "9"]
[White "Orest_Vovk"]
[Black "leoduarte"]
[Result "1/2-1/2"]
[WhiteElo "2576"]
[BlackElo "2461"]
[TimeControl "180+1"]
[EndTime "15:40:21 PDT"]
[Termination "Game drawn - insufficient material"]

1. e4 e5 2. Nf3 Nc6 3. Nc3 Nf6 4.
Nxe5 Nxe5 5. d4 Nc6 6. e5 Ng8 7.
f4 d6 8. d5 Nb8 9. Bd3 dxe5 10.
fxe5 c6 11. d6 Bxd6 12. exd6 Qxd6 13. O-O Nf6 14. Qe2+ Be6 15. Bf4 Qc5+ 16. Be3 Qe5 17. Rae1 Ng4 18. Bf4 Qxe2 19. Rxe2 Nd7 20. Ne4 O-O 21.
Ng5 Ngf6 22. Nxe6 fxe6 23. Rxe6 Rfe8 24. Rfe1 Rxe6 25. Rxe6 Re8 26. Rxe8+ Nxe8 27. Be3 b6 28. Bc4+ Kf8 29. Bd3 Nef6 30. Bd4 Ke7 31. h3 Kd6 32. Bf2 Nc5 33. Be2 Nce4 34. Be1 Nd5 35. Bd3 Nef6 36. Bg3+ Ke6 37. Kf2 h6 38. a3 Nd7 39. Bh2 Ne5 40. Be2 Nf6 41. Ke3 Nd5+ 42.
Kd2 Nf6 43. c4 c5 44. g4 Ne4+ 45. Ke3 Ng5 46. h4 Ngf7 47. Kf4 Nd6 48. g5 hxg5+ 49. hxg5 Nexc4 50. b4 Nxa3 51. bxc5 bxc5 52. Bg4+ Ke7 53. Ke5 Nac4+ 54. Kd5 Ne3+ 55. Kxc5 Nxg4 56. Bxd6+ Kd7 57. g6 Nf6 58. Bf8 Ne8 59. Kb5 Ke6 60. Ka6 Kf6 61. Bxg7+ Kxg6 62. Kxa7 1/2-1/2

[Event "Late-Titled-Tuesday-Blitz-September-12-2023"]
[Site "Chess.com"]
[Date "2023.09.12"]
[Round "9"]
[White "GMBenjaminBok"]
[Black "Korchmar_Vasiliy"]
[Result "1/2-1/2"]
[WhiteElo "3005"]
[BlackElo "2722"]
[TimeControl "180+1"]
[EndTime "15:40:24 PDT"]
[Termination "Game drawn - insufficient material"]

1. d4 d5 2. c4 c6 3. cxd5 cxd5 4. Nf3 Nf6 5. Nc3 Nc6 6. Bf4 Nh5 7. Bd2 e6 8. Rc1 Bd6 9. e3 O-O 10. Bd3 f5 11. Ne5 Qg5 12. O-O f4 13. exf4 Nxf4 14. Bxf4 Rxf4 15. Nxc6 bxc6 16. g3 Rf6 17. Ne2 Bd7 18. f4 Qh5 19. Nc3 Qf7 20. Na4 Rf8 21. Qe2 Be8 22. Nc5 Qe7 23. b4 Bg6 24. Bxg6 Rxg6 25. Kh1 Kh8 26. Rfe1 Rff6 27. Nd3 Bxb4 28. Rxc6 Bxe1 29. Qxe1 Rf8 30. Ne5 Rgf6 31. Qc3 Qb7 32. Kg2 Qb1 33. Nd7 Qxa2+ 34. Qc2 Qxc2+ 35. Rxc2 R6f7 36. Nxf8 Rxf8 37. Rc6 Re8 38. Ra6 Re7 39. Kf3 g6 40. g4 Kg7 41. h4 Kf7 42. f5 gxf5 43. gxf5 exf5 44. Kf4 Re4+ 45. Kxf5 Rxd4 46. Rxa7+ Kg8 47. h5 Rd1 48. Kg5 Rg1+ 49. Kh6 Rf1 50. Ra8+ Kf7 51.
Kxh7 d4 52. Rd8 Rf4 53. h6 Ke7 54. Rd5 Ke6 55. Rd8 Ke7 56. Rd5 Ke6 57. Rg5 d3 58.
Kg8 d2 59. Rg1 Rd4 60. h7 Rd8+ 61. Kg7 Rd7+ 62. Kh6 d1=Q 63. Rxd1 Rxd1 64. h8=Q Rh1+ 65. Kg7 Rxh8 66. Kxh8 1/2-1/2

[Event "Late-Titled-Tuesday-Blitz-September-12-2023"]
[Site "Chess.com"]
[Date "2023.09.12"]
[Round "9"]
[White "ZuraTqebuchava"]
[Black "Vyacheslav_N"]
[Result "1/2-1/2"]
[WhiteElo "2285"]
[BlackElo "2472"]
[TimeControl "180+1"]
[EndTime "15:40:24 PDT"]
[Termination "Game drawn by agreement"]

1. e4 c5 2. Nf3 Nc6 3. Bb5 g6 4.
O-O Bg7 5. Bxc6 dxc6 6. h3 Nf6 7. Nc3 Nd7 8. d3 O-O 9. Be3 b6 10. Qd2 e5 11. Nh2 f5 12. f4 Qc7 13. exf5 Rxf5 14.
fxe5 Nxe5 15. Rxf5 Bxf5 16. Bf4 Qd7 17. Re1 Nf7 18.
Nf3 Re8 19. Rxe8+ Qxe8 20. Qe1 Qd7 21. Kh2 h6 22. Ne5 Nxe5 23. Bxe5 Qe6 24. Bg3 Qd7 25. Be5 Qe7 26. Bg3 Qd8 27. a3 g5 28. Be5 Bf8 29.
Ne4 Bxe4 30. Qxe4 Qe8 31. Bc3 Qxe4 32. dxe4 Bd6+ 33. Kg1 Kf7 34. Kf2 Ke6 35. Kf3 h5 36. g4 h4 37. b3 c4 38. a4 cxb3 39. cxb3 Be5 40. Bd2 Bf6 41. Be3 c5 42. Bd2 Ke5 43. Bc3+ Ke6 44. Bd2 a6 45. Be3 Kd6 46. Bd2 b5 47.
axb5 axb5 48. Ke3 c4 49. bxc4 bxc4 50. Bb4+ Ke6 51. Bd2 Be5 52. Bb4 Kf6 53. Ke2 Bd4 54.
Ba5 Ke5 55. Bd8 Kxe4 56. Bxg5 c3 57. Kd1 Kd3 58. Bc1 c2+ 59. Ke1 Be3 60. Ba3 c1=Q+ 61. Bxc1 Bxc1 62. Kf2 Bg5 63. Kf3 Kd4 64. Kg2 Ke4 65.
Kf1 Kf3 66. Kg1 Kg3 67. Kh1 Kxh3 68. Kg1 Kxg4 69. Kh1 Kg3 70. Kg1 Kf3 71. Kh1 Kf2 72.
Kh2 Bf4+ 73. Kh1 Be3 74. Kh2 Kf1 75. Kh1 Bf2 76. Kh2 Bg3+ 77. Kh1 Bf2 78. Kh2 Be1 79. Kh1 Bc3 80. Kh2 Bd4 81. Kh1 Kf2 82. Kh2 Bf6 83. Kh1 Kf3 84. Kh2 Kg4 85. Kh1 Kh3 86. Kg1 Be5 87. Kh1 Bg3 88. Kg1 Bh2+ 89. Kh1 Be5 90. Kg1 1/2-1/2

[Event "Late-Titled-Tuesday-Blitz-September-12-2023"]
[Site "Chess.com"]
[Date "2023.09.12"]
[Round "9"]
[White "cukin84"]
[Black "queen_iryna"]
[Result "0-1"]
[WhiteElo "2232"]
[BlackElo "2352"]
[TimeControl "180+1"]
[EndTime "15:40:30 PDT"]
[Termination "queen_iryna won on time"]

1. e4 d6 2. d4 Nf6 3. Nc3 e5 4. Be3 Nc6 5. d5 Ne7 6. f3 Ng6 7. Qd2 Be7 8. g4 h6 9. h4 Nh7 10. h5 Ngf8 11. Nh3 Bg5 12. Nxg5 Nxg5 13. Bxg5 Qxg5 14.
O-O-O Bd7 15. Bb5 Nh7 16. Bxd7+ Kxd7 17. Kb1 Qxd2 18. Rxd2 Ng5 19. Rf1 f6 20. Ne2 Rhc8 21.
Ng3 Ke7 22. Nf5+ Kf7 23. c4 a6 24. b3 b5 25. c5 dxc5 26. d6 Ne6 27. dxc7 Rxc7 28.
Rfd1 Raa7 29. Nd6+ Kf8 30. Nf5 Nd4 31. Ne3 Nxf3 32.
Rd8+ Kf7 33. Nd5 Rd7 34. Rc8 c4 35. bxc4 bxc4 36. Rxc4 Rab7+ 37. Ka1 Nd4 38. Rf1 Rd8 39. g5 hxg5 40. h6 Rdb8 41. hxg7 Kxg7 42. Nxf6 Rf7 43. Nh5+ Kg6 44. Rxf7 Kxf7 45. Ng3 g4 46. a4 Rb3 47.
Nf1 g3 48. Ka2 Rf3 49. Nxg3 Rxg3 50. Rc5 Ke6 51. Rc8 Re3 52. Ra8 Rxe4 53. Rxa6+ Kd5 54. Ra8 Re1 55. a5 e4 56. a6 Nc6 57. Rh8 e3 58.
Rh5+ Kc4 59. Rh6 Nb4+ 60. Kb2 e2 61. Re6 Nxa6 62. Rxa6 Rb1+ 63. Kxb1 e1=Q+ 64. Ka2 Qe2+ 65. Ka3 Qe7+ 66. Ka4 Qd7+ 67. Ka3 Qb5 0-1

[Event "Late-Titled-Tuesday-Blitz-September-12-2023"]
[Site "Chess.com"]
[Date "2023.09.12"]
[Round "9"]
[White "Bilan_Danila"]
[Black "MightyGMpretender"]
[Result "1-0"]
[WhiteElo "2576"]
[BlackElo "2722"]
[TimeControl "180+1"]
[EndTime "15:40:32 PDT"]
[Termination "Bilan_Danila won by checkmate"]

1. d4 Nf6 2. Nf3 e6 3. g3 d5 4. Bg2 Bd6 5. O-O O-O 6. c4 c6 7. Qc2 Ne4 8. Nfd2 f5 9. f3 Nxg3 10. hxg3 Bxg3 11. f4 Nd7 12. Nf3 Nf6 13. e3 Ng4 14.
Nc3 Rf6 15. Ne2 Bf2+ 16. Rxf2 Nxf2 17. Kxf2 Bd7 18. Bd2 Be8 19. Rh1 a5 20. Ne5 h6 21.
Qd1 Ra7 22. Ng3 b6 23. Bf3 a4 24. Bh5 c5 25. Bxe8 Qxe8 26. cxd5 exd5 27. Nh5 Rf8 28. Qf3 Qe6 29. Rg1 Kh7 30. Rg6 Qg8 31. Rxb6 cxd4 32.
exd4 Rc7 33. Bc3 a3 34. bxa3 Rfc8 35. Rb3 Qe8 36. Ng3 Qe6 37. Ne2 Ra8 38. Qd3 Rca7 39. Bb4 Rc7 40. Bc5 g5 41. Rb6 Qg8 42. fxg5 Rf8 43. g6+ Kg7 44. Nf4 Rf6 45. Rxf6 Kxf6 46. Nh5+ Ke6 47. Qf3 Qb8 48. Nf4+ Kf6 49. Qxd5 Qb2+ 50.
Ne2 Rb7 51. Qd8+ Ke6 52. Qe8+ Kd5 53. Qg8+ Ke4 54. Qe6 Qxa2 55. Qxa2 Rb2 56. Qxb2 f4 57. Qc2+ Kd5 58. g7 f3 59. Qc4+ Ke4 60. Nd3 fxe2 61. Kxe2 Kf5 62. g8=Q h5 63. Qce6# 1-0

[Event "Late-Titled-Tuesday-Blitz-September-12-2023"]
[Site "Chess.com"]
[Date "2023.09.12"]
[Round "9"]
[White "MagnusCarlsen"]
[Black "FairChess_on_YouTube"]
[Result "0-1"]
[WhiteElo "3216"]
[BlackElo "3079"]
[TimeControl "180+1"]
[EndTime "15:40:34 PDT"]
[Termination "FairChess_on_YouTube won on time"]

1. e4 e5 2. Nf3 Nc6 3. Bb5 f5 4. Nc3 fxe4 5. Nxe4 Nf6 6. Qe2 d5 7. Nxf6+ gxf6 8. O-O Bg4 9. h3 Bh5 10. g4 Bd6 11. d4 e4 12. Nh4 Qd7 13. c4 Bf7 14. Nf5 O-O-O 15. c5 Bf8 16. Bh6 Be6 17. Bxf8 Bxf5 18.
Bxc6 bxc6 19. Bh6 Rdg8 20. f3 Rg6 21. Bf4 h5 22. Kf2 hxg4 23. fxg4 Rxh3 24. gxf5 Qxf5 25. Ke1 Rf3 26. Be3 Qh3 27. Rxf3 exf3 28. Qa6+ Kd7 29. Kd2 Rg2+ 30. Kc3 f2 31. Qd3 Rg3 32. Kd2 Rxe3 33. Qxe3 f1=Q 34. Rxf1 Qxf1 35. Qg3 Kc8 36. Qg8+ Kb7 37.
Qg3 f5 38. Qb3+ Kc8 39. Qa4 Qf2+ 40. Kd3 Kd7 41. Qxa7 Qxb2 42. Qa8 Qb1+ 43. Kd2 Qe4 44. Qh8 f4 45. Qf6 f3 46. a4 Qe2+ 47. Kc3 Qc4+ 48. Kd2 Qb4+ 49. Kd3 Qb3+ 50. Kd2 Qb2+ 51. Kd3 Qe2+ 52.
Kc3 Kc8 53. Qxc6 Qc4+ 54. Kb2 Qxd4+ 55. Kb3 Qc4+ 56. Kb2 Qe2+ 57. Ka3 Qe3+ 58. Kb4 Qe4+ 59. Ka5 f2 60. Ka6 f1=Q+ 61. Ka7 Kd8 62. a5 Qec4 63.
Kb8 Qb5+ 0-1

[Event "Late-Titled-Tuesday-Blitz-September-12-2023"]
[Site "Chess.com"]
[Date "2023.09.12"]
[Round "9"]
[White "ameetghasi100"]
[Black "kacprekt"]
[Result "0-1"]
[WhiteElo "2681"]
[BlackElo "2529"]
[TimeControl "180+1"]
[EndTime "15:40:43 PDT"]
[Termination "kacprekt won by checkmate"]

1. e4 c5 2. Nf3 d6 3. Nc3 Nf6 4.
e5 dxe5 5. Nxe5 Qd6 6. Bb5+ Nbd7 7. Qe2 a6 8. Nc4 Qc7 9. Bxd7+ Bxd7 10. a4 b6 11. d3 e6 12. Bg5 Be7 13. O-O O-O 14. Ne4 Nd5 15. Bxe7 Nxe7 16. Qh5 Bc6 17. Nc3 b5 18.
axb5 axb5 19. Rxa8 Bxa8 20. Ne3 b4 21. Ne4 Bxe4 22. dxe4 Ng6 23. Rd1 Nf4 24. Qg5 h6 25. Qg4 Qe5 26. g3 Ng6 27. b3 h5 28.
Qe2 h4 29. Nc4 Qc3 30. Rd3 Qa1+ 31. Kg2 Ne5 32. Nxe5 Qxe5 33. Qg4 hxg3 34. hxg3 f5 35. exf5 Rxf5 36. Re3 Qd5+ 37. Qe4 Qxe4+ 38. Rxe4 Kf7 39.
f4 Rd5 40. Kf3 Rd2 41. Rc4 Rd5 42. Ke4 Ke7 43. Ke3 Kd6 44. Re4 g6 45. Kf3 Rd2 46. Rc4 Kd5 47. Kg4 Rd4 48. Rxd4+ Kxd4 49. Kg5 Kc3 50. Kxg6 Kxc2 51. Kf6 c4 52. Kxe6 cxb3 53.
f5 b2 54. f6 b1=Q 55. f7 Qe1+ 56. Kd7 Qd2+ 57. Ke7 Qe3+ 58. Kd8 Qd4+ 59. Ke7 Qe5+ 60. Kd7 Qf6 61. Ke8 Qe6+ 62. Kf8 b3 63. Kg7 Qg4+ 64.
Kf6 Qf3+ 65. Ke7 Qe3+ 66. Kf8 b2 67. Kg7 Qxg3+ 68. Kh8 Qh4+ 69. Kg7 Qg5+ 70. Kh8 Qf6+ 71.
Kh7 Qxf7+ 72. Kh8 Qe7 73. Kg8 b1=Q 74. Kh8 Qb8# 0-1

[Event "Late-Titled-Tuesday-Blitz-September-12-2023"]
[Site "Chess.com"]
[Date "2023.09.12"]
[Round "9"]
[White "petr577"]
[Black "Piotrek1979"]
[Result "1-0"]
[WhiteElo "2337"]
[BlackElo "2441"]
[TimeControl "180+1"]
[EndTime "15:40:45 PDT"]
[Termination "petr577 won by resignation"]

1. e4 c6 2. d4 d5 3. exd5 cxd5 4. c4 Nf6 5. Nc3 e6 6. Nf3 Bb4 7. Bd3 dxc4 8. Bxc4 O-O 9. O-O b6 10. Bg5 Bb7 11.
Qd3 Nbd7 12. a3 Bxc3 13. bxc3 Rc8 14. Rac1 Bxf3 15. gxf3 h6 16. Bf4 Nd5 17. Bg3 Qg5 18. Rfe1 Nf4 19. Qf1 Nf6 20. Ba6 Rcd8 21. Re5 Qg6 22.
Rce1 Rd5 23. Kh1 N4h5 24. Bd3 Nxg3+ 25. hxg3 Rxe5 26. Rxe5 Ne4 27. Bxe4 Qf6 28. Qe2 Rd8 29. Bc2 g6 30. Kg2 Kg7 31. Rb5 h5 32. Qe5 Rc8 33.
Qxf6+ Kxf6 34. Rb3 Rc4 35. Bd3 Rc7 36. f4 Ke7 37.
Kf3 Kd6 38. Ke4 Rc8 39. Ba6 Rd8 40. Kd3 h4 41. Rb1 Rh8 42. Rh1 h3 43. Bb7 h2 44.
Bf3 f6 45. Ke2 e5 46. dxe5+ fxe5 47. fxe5+ Kxe5 48. Kf1 Rc8 49. Kg2 Rxc3 50. a4 Ra3 51.
Bc6 Kd6 52. Be8 Ke7 53. Bb5 a6 54. Bxa6 Rxa4 55. Bd3 g5 56. Rxh2 g4 57. Rh6 Rb4 58.
Rg6 Kf7 59. Rg5 Kf6 60. Rb5 Rd4 61. Rxb6+ Ke5 62. Be2 Rd2 63. Bxg4 Ra2 64. Rb5+ Kd4 65. Bf3 Ra7 66. Rd5+ Kc4 67. Rd8 Ra1 68. g4 Ra5 69. Kg3 Ra1 70. Bg2 Ra3+ 71. Kh4 Kc5 72. f4 Ra2 73.
Kg3 Ra3+ 74. Bf3 Ra1 75. f5 Rg1+ 76. Kf4 Kb6 77. f6 Kc7 78. Rd3 Ra1 79. g5 Ra4+ 80. Be4 Rb4 81. g6 Rb8 82. f7 Rf8 83. Kf5 1-0

[Event "Late-Titled-Tuesday-Blitz-September-12-2023"]
[Site "Chess.com"]
[Date "2023.09.12"]
[Round "9"]
[White "laiciffOneslraCsungaM"]
[Black "kleopl"]
[Result "0-1"]
[WhiteElo "2326"]
[BlackElo "2514"]
[TimeControl "180+1"]
[EndTime "15:40:47 PDT"]
[Termination "kleopl won on time"]

1. d4 Nf6 2. Bf4 d5 3. e3 c5 4. Nf3 Nc6 5. Nbd2 cxd4 6. exd4 Bg4 7. c3 e6 8. Qb3 Qc8 9. Bd3 Be7 10. O-O Bh5 11.
a3 Bg6 12. Bxg6 hxg6 13. Rfe1 Kf8 14. Ne5 Nxe5 15. dxe5 Nd7 16. h3 Qc6 17. c4 Nb6 18. cxd5 Qxd5 19. Qg3 Rd8 20. Ne4 Rh5 21. Nd6 Bxd6 22.
exd6 Nc4 23. Red1 Qb5 24. b3 Nb6 25. a4 Qb4 26. d7 Kg8 27. a5 Nd5 28. Bd6 Qb5 29.
Rac1 Qxd7 30. Bf4 Qe7 31. Be3 a6 32. Bb6 Re8 33. Bc7 Qd7 34. Bb6 Qb5 35. Bc5 Rf5 36. b4 Nxb4 37. Bxb4 Qxb4 38. Rc7 Rxa5 39. Rdd7 Rf5 40.
Rxb7 Qe1+ 41. Kh2 Qxf2 42. Qxf2 Rxf2 43. Ra7 Rf6 44. Rxa6 Rc8 45. Rad6 g5 46. Rd8+ Rxd8 47. Rxd8+ Kh7 48. Kg3 Kg6 49. Re8 Rf4 50. Re7 Ra4 51.
Re8 Ra3+ 52. Kf2 Kf5 53. Rg8 g6 54. Re8 g4 55. hxg4+ Kxg4 56. Rf8 f5 57. Rf6 Kg5 58. Rxe6 Ra2+ 59. Kf3 Ra3+ 60. Kf2 Kh5 61. Re8 g5 62. Rf8 Kg4 63. Re8 Ra2+ 64. Kg1 f4 65. Rg8 Ra5 66. Rg7 Kg3 67. Kf1 Ra1+ 68. Ke2 Ra2+ 69. Kf1 Rf2+ 70.
Ke1 Rxg2 71. Rxg5+ Kf3 72. Rf5 Rg1+ 73. Kd2 Rf1 74. Ra5 Kg2 75. Rg5+ Kf2 0-1

[Event "Late-Titled-Tuesday-Blitz-September-12-2023"]
[Site "Chess.com"]
[Date "2023.09.12"]
[Round "9"]
[White "Nekoo04"]
[Black "xozr"]
[Result "1-0"]
[WhiteElo "2291"]
[BlackElo "2351"]
[TimeControl "180+1"]
[EndTime "15:40:47 PDT"]
[Termination "Nekoo04 won by resignation"]

1. d4 Nf6 2. c4 g6 3. Nc3 Bg7 4. e4 d6 5. Nf3 O-O 6. Be2 c6 7.
O-O Na6 8. Bg5 h6 9. Bh4 Qc7 10.
Qd2 Kh7 11. Rad1 Bg4 12. h3 Bxf3 13. Bxf3 e5 14. d5 c5 15. Be2 Ng8 16. Nb5 Qd7 17. Bg3 f5 18. f4 Nf6 19. exf5 gxf5 20. fxe5 Ne4 21. e6 Nxd2 22. exd7 Nxf1 23. Rxf1 Be5 24. Bxe5 dxe5 25. g4 Rad8 26. gxf5 Rxd7 27. f6 Kg6 28. Bd3+ Kf7 29. Bf5 Rdd8 30. Be4 Nb8 31. Nc7 Nd7 32. Ne6 Rg8+ 33. Kh2 Rc8 34. Bf5 Nxf6 35. Re1 e4 36. Nf4 Rce8 37. Be6+ Ke7 38. Bxg8 Rxg8 39. a3 Kd6 40. b4 b6 41. Rf1 Ke5 42. Ne6 e3 43.
bxc5 bxc5 44. Re1 Kd6 45. Re2 Rb8 46. Rxe3 Rb2+ 47. Kg3 Ra2 48. Nf4 Rc2 49. Re6+ Kd7 50. Rxf6 Rxc4 51. Rxh6 Rc3+ 52. Kg4 Rxa3 53. Kf5 Rf3 54.
Ke5 Re3+ 55. Kf5 Rf3 56. Rc6 Rf2 57. h4 c4 58. Rxc4 a5 59. h5 Ra2 60. Rc6 a4 61. Ra6 a3 62. h6 Ra1 63. h7 a2 64. h8=Q Rh1 65. Qxh1 1-0

[Event "Late-Titled-Tuesday-Blitz-September-12-2023"]
[Site "Chess.com"]
[Date "2023.09.12"]
[Round "9"]
[White "newyorkmouse"]
[Black "azikom"]
[Result "1/2-1/2"]
[WhiteElo "2473"]
[BlackElo "2640"]
[TimeControl "180+1"]
[EndTime "15:40:48 PDT"]
[Termination "Game drawn by repetition"]

1. Nf3 c5 2. b3 Nc6 3. Bb2 d6 4. d4 cxd4 5. Nxd4 Qa5+ 6. c3 Nf6 7. g3 e5 8. Nxc6 bxc6 9. Bg2 Bd7 10. O-O Be7 11.
Nd2 Rd8 12. Nc4 Qc7 13. Ba3 c5 14. Ne3 O-O 15. c4 h6 16. Qd3 Be6 17. Rfd1 Rfe8 18. Bb2 Bf8 19. h3 a5 20. g4 a4 21. Nf5 Rb8 22.
Nxd6 Bxd6 23. Qxd6 Qxd6 24. Rxd6 axb3 25. axb3 Rxb3 26.
Bxe5 Bxc4 27. Bxf6 gxf6 28. Rc1 Bxe2 29. Rxc5 Kg7 30.
Rc7 Bf3 31. Bxf3 Rxf3 32. Kg2 Rf4 33. Kg3 Ra4 34. Rcc6 Ra3+ 35. Kg2 f5 36. Rxh6 fxg4 37. hxg4 Re4 38. f3 Re2+ 39. Kg3 Raa2 40. Rhf6 Rg2+ 41.
Kf4 Ra4+ 42. Ke3 Ra3+ 43. Kf4 Ra4+ 44. Kg5 Ra5+ 45. Rf5 Rxf5+ 46. Kxf5 Ra2 47. Kf4 Ra4+ 48. Kg3 f6 49. Kh4 f5 50. Kg5 fxg4 51. Rc7+ Kg8 52. fxg4 Ra6 53. Kh5 Rb6 54. Ra7 Rc6 55. Ra8+ Kg7 56.
Ra7+ Kg8 57. g5 Rb6 58. Ra5 Kg7 59. Rd5 Ra6 60. Rd7+ Kg8 61. Rd1 Kg7 62. Rd5 Kg8 63. Rb5 Kg7 64. g6 Ra1 65. Rb7+ Kg8 66. Rb6 Kg7 67.
Kg5 Rg1+ 68. Kf5 Rf1+ 69. Ke5 Re1+ 70. Kf4 Rf1+ 71. Kg5 Rg1+ 72. Kh5 Rh1+ 73. Kg5 Rg1+ 1/2-1/2

[Event "Late-Titled-Tuesday-Blitz-September-12-2023"]
[Site "Chess.com"]
[Date "2023.09.12"]
[Round "9"]
[White "TatjanaVasilevich"]
[Black "Bauman_Guy"]
[Result "0-1"]
[WhiteElo "2593"]
[BlackElo "2894"]
[TimeControl "180+1"]
[EndTime "15:40:51 PDT"]
[Termination "Bauman_Guy won by checkmate"]

1. e4 c5 2. Nf3 d6 3. d4 Nf6 4.
Nc3 cxd4 5. Nxd4 a6 6. f3 e5 7. Nb3 Be6 8. Be3 h5 9. Qd2 Nbd7 10. O-O-O Be7 11. Rg1 b5 12. Be2 Rc8 13. g4 hxg4 14.
fxg4 b4 15. Nd5 Bxd5 16. exd5 Qc7 17. Bxa6 Ra8 18. Bb5 Rxa2 19. g5 Ne4 20. Qg2 Rh4 21.
g6 f5 22. Rgf1 Kd8 23. Rxf5 Ndc5 24. Bxc5 Nxc5 25. Kb1 Qa7 26. Rdf1 Nxb3 27. Rf8+ Kc7 28. cxb3 Ra1+ 29. Kc2 Qc5+ 30. Bc4 Bxf8 31. Rxa1 Be7 32.
Rf1 Rf4 33. Rxf4 exf4 34. Qe4 Qf2+ 35. Kb1 Bf6 36. Qe2 Qd4 37. Qc2 Qg1+ 38. Ka2 Qa7+ 39. Kb1 Kd8 40. Qf5 Qd4 41. Qc2 f3 42. Ba6 Qc5 43.
Qxc5 dxc5 44. Kc2 f2 45. Kd1 Ke7 46. Ke2 Bd4 47. Bd3 Kd6 48. Be4 Ke5 49. Bf3 Kf6 50. Be4 Ke5 51. Bh1 Be3 52. Bg2 Bd4 53. h4 Kf5 54. h5 Kg5 55. Bf3 Kf6 56. d6 Ke6 57.
Kf1 Kxd6 58. Ke2 Ke7 59. Bg2 Kf6 60. Bf3 Kg5 61. Kf1 Kf4 62. Ke2 f1=Q+ 63. Kxf1 Kxf3 64. Ke1 Kg4 65. h6 gxh6 66. g7 Bxg7 67. Kf2 Bd4+ 68. Kg2 Kf4 69. Kf1 Ke3 70. Ke1 Kd3 71. Kd1 h5 72.
Kc1 h4 73. Kb1 h3 74. Ka1 h2 75. Ka2 c4 76. bxc4 Kxc4 77. b3+ Kd3 78. Kb1 h1=Q+ 79. Ka2 Qa1# 0-1